 Dungeon Crawl Stone Soup version 0.23.0 (webtiles) character file.

Game seed: 13638173317766320492

393093 Monsterracer the Sensei (level 22, -22/190 HPs)
             Began as a Vampire Chaos Knight on Feb 14, 2019.
             Was a Favourite Plaything of Xom.
             Killed from afar by a halazid warlock (45 damage)
             ... with a ghostly fireball
             ... in the Desolation of Salt.
             The game lasted 02:00:58 (55186 turns).

Monsterracer the Sensei (Vampire Chaos Knight)     Turns: 55186, Time: 02:00:58

Health: -22/190    AC: 18    Str: 14      XL:     22   Next: 13%
Magic:  31/36      EV: 14    Int: 27 (28) God:    Xom [..*...]
Gold:   1366       SH:  7    Dex: 11 (12) Spells: 2/41 levels left

rFire    + . .     SeeInvis +     - Unarmed
rCold    . . .     Gourm    .   (shield currently unavailable)
rNeg     . . .     Faith    .   a - +4 scale mail of Focus {rElec Int+5 Dex-2}
rPois    .         Spirit   .   g - +2 helmet
rElec    +         Reflect  +   A - +2 cloak {MR+}
rCorr    .         Harm     .   (gloves currently unavailable)
MR       ++++.     NoTele   +   u - +2 pair of boots
Stlth    +++.......             p - +3 amulet of reflection
HPRegen  0.61/turn              T - +5 ring of slaying
MPRegen  0.25/turn              O - ring of Anyl {-Tele rF+ Int+4 SInv}

@: blade hands, regenerating quickly, drained
A: rotting body, fangs 3, large bone plates 1, see invisible, clumsy 1, deformed
body, deterioration 1, dopey 1, magic resistance 1, sense surroundings 2, robust
1, electricity resistance, strong 1, unbreathing, MP-powered wands
}: 2/15 runes: decaying, serpentine
a: End Transformation, Renounce Religion


You were in the Desolation of Salt.
You worshipped Xom.
You were a toy of Xom.
You were full.
You had blades for hands.
You visited 6 branches of the dungeon, and saw 35 of its levels.
You also visited: Ice Cave, Wizlab and Desolation.

You collected 4458 gold pieces.
You spent 3092 gold pieces at shops.

Inventory:

Missiles
 y - 9 throwing nets (quivered) {!f}
Armour
 a - the +4 scale mail of Focus (worn) {rElec Int+5 Dex-2}
   (You bought it in a shop on level 6 of the Dungeon)

   It affects your intelligence (+5).
   It affects your dexterity (-2).
   It insulates you from electricity.
 g - a +2 helmet (worn)
 u - a +2 pair of boots (worn)
 A - a +2 cloak of magic resistance (worn)
 D - a +2 pair of gloves (melded)
 Z - a +2 buckler of protection (melded)
Jewellery
 c - the ring "Zinauske" {-Tele rC+ Str+6 Dex-4}
   (You found it on level 3 of the Swamp)

   [ring of dexterity]

   It affects your strength (+6).
   It affects your dexterity (-4).
   It protects you from cold.
   It prevents most forms of teleportation.
 o - an uncursed ring of resist corrosion
 p - a +3 amulet of reflection (around neck)
 F - an uncursed ring of protection from fire {!d}
 O - the ring of Anyl (right scythe-like blade) {-Tele rF+ Int+4 SInv}
   (You found it in a wizard's laboratory)

   [ring of intelligence]

   It affects your intelligence (+4).
   It protects you from fire.
   It lets you see invisible.
   It prevents most forms of teleportation.
 P - an uncursed ring of poison resistance {!d}
 T - a +5 ring of slaying (left scythe-like blade)
Wands
 v - a wand of digging (5)
 w - a wand of clouds (12)
 B - a wand of iceblast (34)
 E - a wand of acid (16)
 H - a wand of scattershot (11)
Scrolls
 b - 2 scrolls of fear {!r}
 f - 7 scrolls of identify
 l - 2 scrolls of enchant armour
 m - 6 scrolls of magic mapping
 r - 15 scrolls of remove curse
 s - 7 scrolls of summoning {!r}
 t - 18 scrolls of teleportation {!r}
 x - 3 scrolls of fog
 C - 5 scrolls of amnesia
 X - 6 scrolls of blinking
Potions
 d - 7 potions of heal wounds
 e - 23 potions of curing
 i - 4 potions of invisibility
 j - 5 potions of lignification
 k - 5 potions of haste
 n - a potion of cancellation
 z - 8 potions of flight
 G - 5 potions of agility
 I - 26 potions of mutation {!q}
 J - 3 potions of might
 K - 6 potions of brilliance
 L - 2 potions of berserk rage {!q}
 M - a potion of ambrosia {!q}
 Q - 2 potions of resistance
 R - 2 potions of magic
Miscellaneous
 h - a fan of gales
 N - 2 boxes of beasts
 Y - 2 sacks of spiders


   Skills:
 + Level 14.4(13.4) Fighting
 - Level 7.5(6.6) Armour
 + Level 13.3(12.4) Dodging
 - Level 10.0(9.1) Stealth
 - Level 4.0(3.2) Shields
 * Level 22.1(21.0) Unarmed Combat
 - Level 10.0(9.1) Spellcasting
 - Level 4.0(3.3) Conjurations
 - Level 10.0(9.1) Hexes
 - Level 4.0(3.2) Charms
 - Level 6.1(5.3) Necromancy
 - Level 5.0(4.3) Translocations
 - Level 13.5(12.6) Transmutations
 - Level 3.0(2.3) Air Magic
 - Level 13.0(12.0) Earth Magic
 - Level 6.0(5.2) Evocations


You had 2 spell levels left.
You knew the following spells:

 Your Spells              Type           Power        Failure   Level  Hunger
a - Irradiate             Conj/Tmut      ######....   61%         5    ####...
b - Borgnjor's Vile Clut  Necr/Erth      ######....   54%         5    ####...
c - Confuse               Hex            ######..     17%         3    None
d - Blade Hands           Tmut           ######....   24%         5    ####...
e - Blink                 Tloc           N/A          30%         2    None
h - Statue Form           Tmut/Erth      ######...    58%         6    ######.
u - Swiftness             Chrm/Air       ####....     43%         2    None
w - Cause Fear            Hex            ######....   30%         4    #......
y - Deflect Missiles      Chrm/Air       ####......   100%        6    ######.
z - Apportation           Tloc           #####.       26%         1    None

Your spell library contained the following spells:

 Spells                   Type           Power        Failure   Level  Hunger
 Beastly Appendage        Tmut           ######       7%          1    None
 Sandblast                Erth           ######       8%          1    None
 Sticks to Snakes         Tmut           ######..     8%          2    None
 Corona                   Hex            ######.      11%         1    None
 Slow                     Hex            ######..     13%         2    None
 Corpse Rot               Necr           N/A          26%         2    None
 Sublimation of Blood     Necr           #####.....   26%         2    None
 Magic Dart               Conj           ####         30%         1    None
 Ensorcelled Hibernation  Hex/Ice        #####.       30%         2    None
 Shock                    Conj/Air       ####         34%         1    None
 Sting                    Conj/Pois      ###.         43%         1    None
 Throw Frost              Conj/Ice       ###...       52%         2    None
 Poisonous Vapours        Pois/Air       ###...       56%         2    None
 Freeze                   Ice            ##..         58%         1    None
 Summon Small Mammal      Summ           ##..         58%         1    None
 Call Imp                 Summ           ##......     69%         2    None
 Petrify                  Tmut/Erth      ######..     16%         4    #......
 Tukima's Dance           Hex            ######..     17%         3    None
 Stone Arrow              Conj/Erth      ######       22%         3    None
 Leda's Liquefaction      Hex/Erth       ######....   22%         4    #......
 Portal Projectile        Hex/Tloc       #####.       26%         3    None
 Lee's Rapid Deconstruct  Erth           ######....   26%         5    ####...
 Spider Form              Tmut/Pois      #####.....   28%         3    None
 Dazzling Spray           Conj/Hex       #####.       30%         3    None
 Vampiric Draining        Necr           #####.....   36%         3    None
 Inner Flame              Hex/Fire       #####...     41%         3    None
 Ignite Poison            Fire/Tmut/Pois #####...     45%         3    None
 Fulminant Prism          Conj/Hex       #####.....   52%         4    #......
 Ice Form                 Ice/Tmut       #####...     52%         4    #......
 Static Discharge         Conj/Air       ####....     56%         3    None
 Hydra Form               Tmut           ######....   56%         6    ######.
 Mephitic Cloud           Conj/Pois/Air  ###.....     67%         3    None
 Conjure Flame            Conj/Fire      ###.....     69%         3    None
 Ozocubu's Armour         Chrm/Ice       ###.....     69%         3    None
 Alistair's Intoxication  Tmut/Pois      #####...     77%         5    ####...
 Silence                  Hex/Air        #####.....   82%         5    ####...
 Call Canine Familiar     Summ           ##......     85%         3    None
 Darkness                 Hex            ######....   88%         6    ######.
 Airstrike                Air            ###.......   89%         4    #......
 Metabolic Englaciation   Hex/Ice        #####.....   91%         5    ####...
 Bolt of Draining         Conj/Necr      #####.....   93%         5    ####...
 Excruciating Wounds      Chrm/Necr      #####.....   93%         5    ####...
 Dragon Form              Tmut           ######....   93%         7    #######
 Throw Icicle             Conj/Ice       ###.....     94%         4    #......
 Summon Lightning Spire   Summ/Air       ###.....     96%         4    #......
 Lightning Bolt           Conj/Air       ####......   98%         5    ####...
 Summon Ice Beast         Ice/Summ       ##......     99%         4    #......
 Fireball                 Conj/Fire      ###.......   99%         5    ####...
 Summon Forest            Summ/Tloc      ###.......   99%         5    ####...
 Bolt of Cold             Conj/Ice       ###.......   100%        6    ######.
 Bolt of Fire             Conj/Fire      ###.......   100%        6    ######.
 Conjure Ball Lightning   Conj/Air       ####......   100%        6    ######.
 Freezing Cloud           Conj/Ice/Air   ###.......   100%        6    ######.
 Ozocubu's Refrigeration  Ice            ##........   100%        6    ######.
 Shadow Creatures         Summ           N/A          100%        6    ######.
 Simulacrum               Ice/Necr       ####......   100%        6    ######.
 Ring of Flames           Chrm/Fire      ###.......   100%        7    #######
 Spellforged Servitor     Conj/Summ      ###.......   100%        7    #######
 Ignition                 Fire           ##........   100%        8    #######
 Tornado                  Air            ###.......   100%        9    #######


Dungeon Overview and Level Annotations

Branches:
Dungeon (15/15)            Temple (0/1) D:7            Lair (6/6) D:9
  Swamp (4/4) Lair:2        Snake (4/4) Lair:2        Slime (0/5) Lair:5
    Orc (2/2) D:10            Elf (0/3) Orc:2        Vaults (4/5) D:14
  Crypt (0/3) Vaults:2     Depths (0/5) D:15

Altars:
Ashenzari
Hepliaklqana
Kikubaaqudgha
Makhleb
Ru
Sif Muna
Trog
Uskayaw
Xom
Yredelemnul
Zin
Beogh
Jiyva

Shops:
D:6 ?*}*   Orc:2 (?}%(   Snake:1 (   Vaults:2 [   Vaults:3 :

Portals:
Pandemonium: Orc:2


Innate Abilities, Weirdness & Mutations

Your body is rotting away.
You thrive on raw meat.
Your natural rate of healing is unusually fast.
You have razor-sharp teeth.
You have supernaturally acute eyesight. (SInv)
You can survive without breathing.
You are partially covered in large bone plates. (SH +4)
You are clumsy. (Dex -2)
Armour fits poorly on your strangely shaped body.
Your body sometimes deteriorates upon taking damage.
You are dopey. (Int -2)
You are resistant to hostile enchantments. (MR+)
You passively map the area around you.
You are robust. (+10% HP)
You are resistant to electric shocks. (rElec)
Your muscles are strong. (Str +2)
You expend magic power (3 MP) to strengthen your wands.


Message History

You destroy the saltling!
You slice the ragged hierophant!!
The ragged hierophant is moderately wounded.
The ragged hierophant hits you but does no damage.
You slice the ragged hierophant!!
The ragged hierophant is heavily wounded.
You hear a shout!
You slash the ragged hierophant!
The ragged hierophant is severely wounded.
The ragged hierophant hits you but does no damage.
You hit the ragged hierophant.
The ragged hierophant is severely wounded.
You shred the ragged hierophant!!!
The ragged hierophant is almost dead.
A saltling comes into view.
You block the ragged hierophant's attack.
You barely miss the ragged hierophant.
The ragged hierophant is almost dead.
The ragged hierophant barely misses you.
A halazid warlock comes into view.
You shred the ragged hierophant!!!
You kill the ragged hierophant!
A guardian serpent comes into view.
The ragged hierophant hits you with the +9 sword of Zonguldrok {reap}!
You take 9 damage, and have 146/190 hp.
You shred the ragged hierophant!!! You bite the ragged hierophant.
The ragged hierophant is heavily wounded.
You hit the ragged hierophant. You bite the ragged hierophant!
The ragged hierophant is severely wounded.
The saltling hits you.
You take 4 damage, and have 142/190 hp.
You slice the ragged hierophant!!
The ragged hierophant is almost dead.
You block the ragged hierophant's attack.
The halazid warlock touches you!
You writhe in agony!
The saltling hits you!
You take 33 damage, and have 109/190 hp.
You are too injured to fight recklessly!
You shred the ragged hierophant!!!
You kill the ragged hierophant!
The guardian serpent misses you. The halazid warlock barely misses you.
You shred the guardian serpent!!!
The guardian serpent is almost dead.
The guardian serpent casts a spell at you.
The bolt of poison misses you. The saltling completely misses you.
A crystal guardian comes into view.
You shred the guardian serpent!!!
You kill the guardian serpent!
The saltling closely misses you.
The halazid warlock gestures wildly while chanting.
You hit the halazid warlock but do no damage.
The saltling dissolves into shadows!
The ragged hierophant dissolves into shadows!
The crystal guardian fires a crystalline bolt at you.
The crystal bolt burns you!! You resist.
* * * LOW HITPOINT WARNING * * *
Your body deteriorates!
You feel dopey.
The crystal bolt burns the saltling!!
The saltling is destroyed!
The saltling hits you!
* * * LOW HITPOINT WARNING * * *
You take 42 damage, and have 68/190 hp.
MASSIVE DAMAGE!!
Evoke which item? (* to show all) (? for menu, Esc to quit)
Aiming: Corrosive Bolt
Press: ? - help, Shift-Dir - straight line, f - crystal guardian
Aim: a crystal guardian (salt)
You feel a surge of power!
The bolt of acid misses the halazid warlock.
The bolt of acid hits the crystal guardian but does no damage.
The saltling misses you.
The halazid warlock touches you but does no damage.
The peacekeeper bites you.
* * * LOW HITPOINT WARNING * * *
The peacekeeper claws you.
* * * LOW HITPOINT WARNING * * *
The crystal guardian fires a crystalline bolt at you.
The crystal bolt freezes you!!!
* * * LOW HITPOINT WARNING * * *
Your body deteriorates!
You feel clumsy. You block the saltling's attack.
You take 46 damage, and have 22/190 hp.
MASSIVE DAMAGE!!
You now have 31/36 mp.
You cannot blink because you are wearing the ring of Anyl {-Tele rF+ Int+4 SInv}.
You slash the saltling!
You bite the saltling, but do no damage.
The saltling is moderately damaged.
You block the saltling's attack.
The imperial myrmidon barely misses you.
The halazid warlock points at the saltling and mumbles some strange words.
The saltling's animating energy erupts into ghostly fire!
The ghostly flame explodes!
The ghostly fireball engulfs the crystal guardian.
The crystal guardian completely resists.
The ghostly fireball engulfs the peacekeeper.
The peacekeeper completely resists.
The ghostly fireball engulfs the halazid warlock.
The halazid warlock completely resists.
The ghostly fireball engulfs the saltling.
The saltling completely resists.
The ghostly fireball engulfs you!!!
You feel drained.
You die...
Xom howls with laughter!

. , ** * , , ,, , , . , 8 , , ,
. * , , , ,8 , ### , , , 8, , ,
######, , , , ,, § ,####### , ,
§§8§§§§§####### , , , ,
,§§L§8§.§#######,, , ,,,,
.§§§8@8§§.####### , ,
,...§8p8§§§§#######, , ,
,,.§§§S§§§§§§####### ,
###########§§§§§§§§§§#######,,,
§..#).#...#§§§§§..§§§####### ,
...#......#....§.§§.§#######,
... ,#...#.......§§.#######,
.⌠.####..............#######, ,
....##....#.§.§§.....#######,


You could see an imperial myrmidon, a halazid warlock, 2 crystal guardians, a
peacekeeper, a guardian serpent and 3 saltlings.

Vanquished Creatures
  Margery (Vaults:3)
  Vashnia (Snake:3)
  A mutant beast (WizLab)
  An ancient champion (Vaults:2)
  A quicksilver dragon (Vaults:2)
  5 thorn hunters
  Kirke (Lair:4)
  Agnes (Snake:3)
  12 nagarajas
  Roxanne (Swamp:2)
  3 fire giants
  8 vault wardens
  The ghost of Curus the Fencer, a journeyman MiBe of Trog (Orc:2)
  A frost giant (IceCv)
  An imperial myrmidon (Desolation)
  5 very ugly things (WizLab)
  11 ironheart preservers
  8 stone giants
  4 entropy weavers
  2 minotaurs
  A spark wasp (Swamp:4)
  Snorg (Orc:2)
  A deep elf death mage (Vaults:3)
  2 crystal guardians
  3 fire dragons
  6 yaktaur captains
  3 ettins
  4 rakshasas
  6 vault guards
  5 ragged hierophants (Desolation)
  3 servants of whispers
  Harold (D:10)
  2 great orbs of eyes
  26 hydras
  6 peacekeepers (Desolation)
  10 centaur warriors
  A ghost crab (Swamp:3)
  18 naga warriors
  17 anacondas
  3 ice dragons
  An ice dragon (shapeshifter) (WizLab)
  5 shambling mangroves
  4 death yaks
  17 alligators
  2 death knights
  Erica (D:10)
  10 ogre magi
  A queen ant (Swamp:3)
  41 two-headed ogres
  A two-headed ogre (shapeshifter) (WizLab)
  A deep troll earth mage (Vaults:1)
  3 orc high priests (Orc:2)
  A soul eater (Vaults:2)
  4 shock serpents
  2 hell knights (Vaults:3)
  An iron golem (WizLab)
  6 deep elf knights
  11 naga sharpshooters
  6 skeletal warriors
  2 salamander mystics
  A sea snake (Snake:1)
  2 glowing orange brains
  An infernal demonspawn (Orc:2)
  2 shadow wraiths (Vaults:2)
  4 unseen horrors
  4 deep trolls
  A flayed ghost (Vaults:4)
  An unseen horror (shapeshifter) (WizLab)
  A gelid demonspawn (Orc:2)
  3 spriggan druids
  6 naga ritualists
  11 swamp dragons
  10 ironbrand convokers
  5 wizards
  2 deep elf archers
  11 deep elf magi
  2 necromancers (Vaults:3)
  A lindwurm (Lair:6)
  A shadow dragon zombie (Vaults:3)
  5 wolf spiders
  2 harpies (Vaults:1)
  9 orc sorcerers
  8 mana vipers
  13 orc knights
  A manticore (shapeshifter) (D:9)
  7 salamanders
  6 manticores
  A stone giant zombie (Vaults:3)
  2 salamanders (shapeshifter) (WizLab)
  2 moths of wrath
  An orb spider (shapeshifter) (WizLab)
  24 ugly things
  2 elephants (Lair:3)
  A black mamba (shapeshifter) (WizLab)
  4 cyclopes
  A frost giant skeleton (Vaults:3)
  31 black mambas
  20 naga magi
  An ice statue (IceCv)
  Joseph (D:7)
  17 guardian serpents
  2 guardian serpents (shapeshifter) (WizLab)
  20 spiny frogs
  A rust devil (Orc:2)
  4 molten gargoyles
  16 vault sentinels
  3 rime drakes
  A gargoyle (D:11)
  2 smoke demons (Orc:2)
  3 centaur skeletons
  A rime drake (shapeshifter) (WizLab)
  4 freezing wraiths
  11 komodo dragons
  23 yaktaurs
  2 yaktaurs (shapeshifter) (WizLab)
  An efreet (D:15)
  2 komodo dragons (shapeshifter) (WizLab)
  An ice devil (Orc:2)
  A hellwing (Orc:2)
  A jumping spider (Vaults:2)
  3 trolls (shapeshifter)
  A queen bee (Lair:5)
  3 meliai (D:14)
  A polar bear (shapeshifter) (WizLab)
  19 polar bears
  2 jumping spiders (shapeshifter) (WizLab)
  2 hornets (shapeshifter) (WizLab)
  2 queen bees (shapeshifter)
  8 trolls
  27 slime creatures
  Grinder (D:4)
  7 tyrant leeches
  17 hornets
  31 saltlings
  A blink frog (shapeshifter) (WizLab)
  13 bog bodies
  6 dream sheep (Lair:4)
  8 blink frogs
  16 hippogriffs
  A fire giant simulacrum (Vaults:3)
  A dream sheep (shapeshifter) (WizLab)
  A flying skull (Vaults:2)
  A hippogriff (shapeshifter) (D:15)
  A tarantella (Lair:6)
  4 redbacks (Vaults:2)
  8 wyverns
  37 yaks
  3 shadows
  6 basilisks
  11 spriggans
  A golden eye (Lair:6)
  4 fire bats (Lair:1)
  2 vampires
  Eustachio (D:5)
  A yak (shapeshifter) (WizLab)
  Grum (D:10)
  2 basilisks (shapeshifter)
  A chaos spawn (Orc:2)
  2 wraiths
  7 large abominations (WizLab)
  A steam dragon (Lair:6)
  A hungry ghost (D:12)
  A spatial vortex (Vaults:3)
  6 insubstantial wisps (Swamp:2)
  7 vampire mosquitoes
  16 swamp worms
  2 soldier ants (shapeshifter) (WizLab)
  34 nagas
  9 wargs
  18 water moccasins
  3 acid dragons
  5 floating eyes
  4 hell hounds (Lair:6)
  10 porcupines
  7 sky beasts
  40 orc warriors
  2 black bears (D:9)
  A necrophage (D:8)
  18 swamp drakes
  7 ice beasts
  A hornet zombie (D:13)
  2 eyes of draining (D:14)
  34 ogres
  24 wolves
  12 boggarts
  20 centaurs
  13 crocodiles
  4 big kobolds
  17 bullfrogs
  A water moccasin skeleton (D:5)
  A wyvern skeleton (D:6)
  4 scorpions
  11 killer bees
  8 wights
  2 electric eels
  A howler monkey (D:14)
  3 vampire bats
  12 crimson imps
  A bullfrog zombie (D:7)
  A quasit (D:9)
  4 centaur zombies
  6 lava snakes
  37 orc priests
  5 jellies
  22 orc wizards
  2 bullfrog skeletons
  3 gnoll shamans (D:9)
  13 hounds
  Jessica (D:2)
  12 worker ants
  A worker ant (shapeshifter) (WizLab)
  5 iguanas
  6 small abominations (WizLab)
  A hound zombie (D:7)
  A howler monkey zombie (D:7)
  Robin (D:2)
  2 worker ant zombies
  17 adders
  13 gnolls
  2 shadow imps
  An adder skeleton (D:5)
  3 worms
  A dart slug (D:3)
  2 leopard geckos
  100 orcs
  5 giant cockroaches
  8 hobgoblins
  8 jackals
  3 quokkas
  2 ball pythons
  12 bats
  2 frilled lizards
  14 goblins
  22 kobolds
  2 leopard gecko skeletons
  4 rats
  4 briar patches
  3 fire vortices
  A fungus (Lair:6)
1614 creatures vanquished.

Vanquished Creatures (collateral kills)
  A hydra (Lair:1)
  2 two-headed ogres
  A hippogriff (Lair:2)
  2 basilisks
  An orc warrior (D:9)
  An ogre (Vaults:1)
  A big kobold (D:9)
  2 orc wizards
  A gnoll (D:9)
  An adder (Lair:2)
  4 orcs
17 creatures vanquished.

Vanquished Creatures (others)
  Nikola (Snake:1)
  2 ogre magi
  A centaur warrior (Vaults:4)
  A two-headed ogre (D:15)
  A dancing weapon (Vaults:2)
  A shadow wraith (Vaults:3)
  A necromancer (Vaults:3)
  A naga mage (Snake:2)
  4 yaktaurs (Vaults:2)
  A polar bear (IceCv)
  2 yaks (IceCv)
  3 humans (Lair:4)
  2 ogres
  6 wolves (IceCv)
  2 bullfrogs
  A ball lightning (D:14)
  3 briar patches (Swamp:3)
  A fire vortex (Lair:1)
  16 fungi
  12 plants
62 creatures vanquished.

Grand Total: 1693 creatures vanquished

Notes
Turn   | Place    | Note
-------+----------+-------------------------------------------
     0 | D:1      | Monsterracer the Vampire Chaos Knight began the quest for
                  | the Orb.
     0 | D:1      | Reached XP level 1. HP: 17/17 MP: 1/1
     5 | D:1      | XOM: divination: detect creatures
   160 | D:1      | Reached XP level 2. HP: 23/23 MP: 2/2
   219 | D:1      | XOM: harmless Fire miscast
   465 | D:2      | Reached skill level 4 in Unarmed Combat
   551 | D:2      | Noticed Robin
   575 | D:2      | HP: 12/24 [Robin/goblin (1)]
   583 | D:1      | HP: 10/24 [goblin[Robin] (1)]
   677 | D:1      | XOM: medium Pois miscast
   764 | D:2      | XOM: scenery: create altars
   775 | D:1      | Reached XP level 3. HP: 21/29 MP: 3/3
   812 | D:1      | HP: 14/29 [goblin/+0 club[Robin] (2)]
   874 | D:2      | Killed Robin
   946 | D:2      | Noticed Jessica
   949 | D:2      | HP: 14/29 [Jessica/nerve-wracking pain (14)]
   952 | D:2      | Killed Jessica
   952 | D:2      | Reached XP level 4. HP: 17/35 MP: 4/4
  1148 | D:2      | Found an ancient bone altar of Kikubaaqudgha.
  1354 | D:2      | Reached skill level 5 in Unarmed Combat
  1759 | D:3      | XOM: cloud trail
  1790 | D:3      | XOM: confuse monster(s)
  1873 | D:3      | Noticed a sky beast
  1877 | D:3      | XOM: divination: magic mapping
  1891 | D:3      | HP: 18/36 [sky beast (1)]
  1895 | D:3      | Killed a sky beast
  1895 | D:3      | Reached skill level 6 in Unarmed Combat
  1895 | D:3      | Reached XP level 5. HP: 15/42 MP: 5/5
  2120 | D:3      | XOM is BORED!
  2120 | D:3      | XOM: medium Pois miscast
  2490 | D:3      | HP: 21/42 [bullfrog skeleton (4)]
  2772 | D:4      | Noticed Grinder
  2775 | D:4      | Reached XP level 6. HP: 31/48 MP: 6/6
  2776 | D:4      | XOM: harmless Tloc miscast
  2777 | D:4      | XOM: silly message
  2786 | D:4      | HP: 24/48 [adder (1)]
  2792 | D:3      | HP: 23/48 [poisoned by an adder]
  2800 | D:3      | HP: 22/48 [poisoned by an adder]
  2817 | D:3      | XOM: noise
  2877 | D:4      | XOM: confuse monster(s)
  2892 | D:4      | XOM: cast spell 'Ring of Flames'
  2892 | D:4      | Killed Grinder
  2892 | D:4      | Reached skill level 7 in Unarmed Combat
  2901 | D:4      | XOM: cast spell 'Summon Small Mammal'
  2917 | D:4      | Reached XP level 7. HP: 36/55 MP: 7/7
  3014 | D:4      | Found a deep blue altar of Sif Muna.
  3231 | D:4      | Found a basalt altar of Yredelemnul.
  3260 | D:4      | XOM: harmless Chrm miscast
  3628 | D:5      | Entered Level 5 of the Dungeon
  3641 | D:4      | XOM: summons 2 friendly demons
  3645 | D:4      | Reached skill level 5 in Fighting
  3645 | D:4      | Reached skill level 8 in Unarmed Combat
  3684 | D:5      | XOM: divination: magic mapping
  3701 | D:5      | Found a hazy altar of Hepliaklqana.
  3765 | D:5      | Found Zin's Purification Station.
  3768 | D:5      | Reached skill level 1 in Stealth
  3769 | D:5      | Found a glowing silver altar of Zin.
  3774 | D:5      | Bought a potion of curing for 90 gold pieces
  3804 | D:5      | Reached XP level 8. HP: 46/62 MP: 8/8
  3806 | D:5      | XOM: silly message
  3899 | D:5      | XOM: divination: detect items
  3952 | D:5      | Noticed Eustachio
  3964 | D:5      | XOM: potion effect (agility)
  3969 | D:5      | XOM: harmless Fire miscast
  3978 | D:5      | XOM: summons 3 friendly demons
  3986 | D:5      | XOM: summons friendly crimson imp
  4016 | D:5      | HP: 30/62 [shadow imp/nerve-wracking pain[Eustachio] (12)]
  4179 | D:5      | XOM: give mutations
  4179 | D:5      | Gained mutation: You are robust. (+10% HP) [Xom's grace]
  4179 | D:5      | Gained mutation: You have sharp toenails. [Xom's grace]
  4179 | D:5      | Gained mutation: You are partially covered in rugged brown
                  | scales. (AC +1, +3% HP) [Xom's grace]
  4461 | D:5      | XOM: enchant monster (good)
  4466 | D:5      | Killed Eustachio
  4466 | D:5      | Reached skill level 5 in Dodging
  4599 | D:5      | XOM: cloud trail
  4742 | D:6      | Found Gazxics's Assorted Antiques.
  4747 | D:6      | XOM is BORED!
  4747 | D:6      | XOM: swap monsters
  4761 | D:6      | Reached skill level 9 in Unarmed Combat
  4767 | D:6      | XOM: enchant monster (good)
  4779 | D:6      | XOM: summons 2 friendly demons
  4856 | D:6      | Bought a steaming scale mail for 207 gold pieces
  4856 | D:6      | Bought an orange potion for 20 gold pieces
  4866 | D:6      | Identified the +4 scale mail of Focus {rElec Int+5 Dex-2}
                  | (You bought it in a shop on level 6 of the Dungeon)
  4882 | D:6      | XOM: repel stairs
  4892 | D:6      | XOM: harmless Tloc miscast
  4895 | D:6      | Reached skill level 1 in Armour
  4938 | D:6      | Found Ibroe's Assorted Antiques.
  4976 | D:6      | Found a burning altar of Makhleb.
  5159 | D:6      | Found Zoybiosch's Magic Scroll Shoppe.
  5185 | D:6      | Noticed a hippogriff
  5186 | D:6      | XOM: enchant monster (good)
  5188 | D:6      | XOM: fog
  5201 | D:6      | Killed a hippogriff
  5578 | D:6      | Found Doockosi's Gadget Shoppe.
  5791 | D:7      | Found a staircase to the Ecumenical Temple.
  5806 | D:7      | Reached skill level 5 in Stealth
  5806 | D:7      | Reached XP level 9. HP: 77/77 MP: 9/9
  5880 | D:7      | Noticed Joseph
  5896 | D:7      | Killed Joseph
  5903 | D:7      | XOM: scenery: create altars
  5931 | D:7      | HP: 34/77 [orc wizard/puff of flame (8)]
  5936 | D:7      | Reached skill level 10 in Unarmed Combat
  5938 | D:7      | HP: 33/77 [poisoned by a worker ant]
  6106 | D:7      | XOM: silly message
  6453 | D:7      | XOM: mild Hex miscast
  6815 | D:8      | XOM: 2-stop teleportation journey
  6919 | D:8      | XOM is BORED!
  6919 | D:8      | XOM: draining
  6942 | D:8      | XOM: confusion
  6948 | D:8      | XOM: swap monsters
  7057 | D:8      | XOM is BORED!
  7057 | D:8      | XOM: summons 4 hostile demons
  7104 | D:8      | Found a hide-covered altar of Uskayaw.
  7104 | D:8      | XOM: 3-stop teleportation journey
  7303 | D:8      | XOM: enchant monster (bad)
  7344 | D:8      | XOM: noise
  7625 | D:8      | XOM: summons 4 hostile demons
  7697 | D:9      | XOM: divination: detect creatures
  7733 | D:9      | XOM: mild Erth miscast
  7749 | D:8      | Found an ancient bone altar of Kikubaaqudgha.
  7850 | D:9      | XOM: swap monsters
  7851 | D:9      | Reached skill level 11 in Unarmed Combat
  7851 | D:9      | Reached skill level 1 in Evocations
  7851 | D:9      | Reached XP level 10. HP: 85/87 MP: 10/10
  8161 | D:9      | XOM: enchant monster (bad)
  8220 | D:9      | Noticed a glowing shapeshifter
  8220 | D:9      | an ogre changed into a glowing shapeshifter
  8220 | D:9      | XOM: polymorph ogre -> glowing shapeshifter
  8220 | D:9      | a glowing shapeshifter changed into a merfolk
  8227 | D:9      | XOM: confuse monster(s)
  8228 | D:9      | Noticed a death drake
  8228 | D:9      | a swamp worm changed into a death drake
  8231 | D:9      | a death drake changed into a jumping spider
  8233 | D:9      | XOM: potion effect (curing)
  8238 | D:9      | Noticed a black mamba
  8238 | D:9      | a yaktaur changed into a black mamba
  8240 | D:9      | XOM: potion effect (agility)
  8240 | D:9      | a black mamba changed into a black bear
  8245 | D:9      | Noticed a fire crab
  8245 | D:9      | a raiju changed into a fire crab
  8247 | D:9      | Found a staircase to the Lair.
  8247 | D:9      | XOM: 7-stop teleportation journey
  8299 | D:9      | XOM: god gift: 32 gold pieces
  8363 | D:9      | Found a shattered altar of Ashenzari.
  8363 | D:9      | Found a bloodstained altar of Trog.
  8363 | D:9      | XOM: cloud trail
  8378 | D:9      | XOM: 2-stop teleportation journey
  8416 | D:9      | XOM: enchant monster (good)
  8546 | D:9      | XOM: god gift: 46 gold pieces
  8600 | D:6      | Bought an ichor-stained cloak for 218 gold pieces
  8600 | D:6      | Bought a pair of runed gloves for 172 gold pieces
  8616 | D:6      | Identified the +1 cloak of Time Monsters {Int+7} (You
                  | bought it in a shop on level 6 of the Dungeon)
  8744 | D:9      | XOM: scenery: 1 doors open
  8747 | D:9      | Noticed a caustic shrike
  8752 | D:9      | XOM: summons 3 friendly demons
  8754 | D:9      | Noticed an iron giant
  8754 | D:9      | a caustic shrike changed into an iron giant
  8755 | D:9      | Noticed a caustic shrike
  8755 | D:9      | an iron giant changed into a caustic shrike
  8757 | D:9      | XOM: cleaving
  8757 | D:9      | Noticed a shadow dragon
  8757 | D:9      | a caustic shrike changed into a shadow dragon
  8759 | D:9      | Noticed a stone giant
  8759 | D:9      | a shadow dragon changed into a stone giant
  8763 | D:9      | Noticed a dire elephant
  8763 | D:9      | a stone giant changed into a dire elephant
  8770 | D:9      | XOM: confuse monster(s)
  8772 | D:9      | XOM: scenery: create altars
  8773 | D:9      | XOM: swap monsters
  8776 | D:9      | Noticed an azure jelly
  8776 | D:9      | a dire elephant changed into an azure jelly
  8784 | D:9      | XOM: harmless Hex miscast
  8785 | D:9      | HP: 33/89 [azure jelly (glowing shapeshifter) (18)]
  8787 | D:9      | Noticed a fire giant
  8787 | D:9      | an azure jelly changed into a fire giant
  8855 | D:10     | Entered Level 10 of the Dungeon
  8938 | D:10     | XOM: give mutations
  8938 | D:10     | Gained mutation: Your muscles are strong. (Str +2) [Xom's
                  | mischief]
  8938 | D:10     | Gained mutation: You are partially covered in large bone
                  | plates. (SH +4) [Xom's mischief]
  8938 | D:10     | Gained mutation: You occasionally shout uncontrollably at
                  | your foes. [Xom's mischief]
  8938 | D:10     | Gained mutation: You expend magic power (3 MP) to
                  | strengthen your wands. [Xom's mischief]
  9023 | D:10     | Noticed a two-headed ogre
  9040 | D:10     | Killed a two-headed ogre
  9125 | D:10     | Noticed a cyan ugly thing
  9126 | D:10     | XOM: medium Hex miscast
  9132 | D:10     | Noticed an ice dragon
  9132 | D:10     | a slime creature changed into an ice dragon
  9132 | D:10     | XOM: polymorph slime creature -> ice dragon
  9144 | D:10     | XOM: severe Fire miscast
  9144 | D:10     | HP: 38/89 [something (20)]
  9288 | D:9      | XOM: medium Chrm miscast
  9366 | D:6      | Bought a scroll of teleportation for 36 gold pieces
  9435 | Lair:1   | Entered Level 1 of the Lair of Beasts
  9451 | Lair:1   | Got a smoking great sword
  9452 | Lair:1   | Identified the +4 great sword "Rassogif" {slice, rElec
                  | Str+4} (You found it on level 1 of the Lair of Beasts)
  9536 | Lair:1   | Noticed a spiny frog
  9545 | Lair:1   | XOM: silly message
  9546 | Lair:1   | Noticed a spiny frog
  9551 | Lair:1   | XOM: 1-stop teleportation journey
  9557 | Lair:1   | XOM: mild Air miscast
  9558 | Lair:1   | XOM: polymorph water moccasin -> rime drake
  9565 | Lair:1   | XOM: snakes to sticks
  9574 | Lair:1   | HP: 44/89 [bullfrog (2)]
  9579 | Lair:1   | Reached skill level 12 in Unarmed Combat
  9580 | Lair:1   | HP: 42/89 [poisoned by a spiny frog]
  9587 | Lair:1   | HP: 42/89 [crocodile (2)]
  9593 | Lair:1   | HP: 42/89 [poisoned by a spiny frog]
  9595 | Lair:1   | XOM: repel stairs
  9616 | Lair:1   | XOM: noise
  9620 | Lair:1   | XOM: harmless Erth miscast
  9627 | Lair:1   | Noticed a five-headed hydra
  9652 | Lair:1   | XOM: blink monster(s)
  9655 | Lair:1   | XOM: swap monsters
  9659 | Lair:1   | XOM: 2-stop teleportation journey
  9706 | Lair:1   | Noticed a spiny frog
  9712 | Lair:1   | XOM: confuse monster(s)
  9718 | Lair:1   | a spiny frog changed into a yak
  9718 | Lair:1   | XOM: polymorph spiny frog -> yak
  9726 | Lair:1   | XOM: polymorph yak -> blink frog
  9727 | Lair:1   | XOM: polymorph blink frog -> rime drake
  9728 | Lair:1   | Killed a spiny frog
  9819 | Lair:1   | XOM: confuse monster(s)
  9852 | Lair:1   | XOM: medium Summ miscast
  9874 | Lair:1   | Reached XP level 11. HP: 84/94 MP: 13/13
  9917 | Lair:1   | XOM: summons 3 friendly demons
 10093 | Lair:1   | XOM: fog
 10094 | Lair:1   | XOM: enchant monster (bad)
 10131 | Lair:1   | XOM: noise
 10222 | Lair:1   | XOM: potion effect (agility)
 10229 | Lair:1   | XOM: potion effect (haste)
 10243 | Lair:1   | XOM: divination: detect items
 10543 | Lair:1   | XOM: mild Summ miscast
 10551 | Lair:1   | Learned a level 3 spell: Confuse
 10747 | Lair:2   | XOM: divination: detect items
 10812 | Lair:1   | XOM: cloud trail
 10878 | Lair:1   | XOM: divination: magic mapping
 10884 | Lair:1   | Reached skill level 1 in Hexes
 10927 | Lair:2   | XOM: cast spell 'Shadow Creatures'
 10929 | Lair:2   | XOM: confusion (+ monsters)
 10933 | Lair:2   | XOM: confuse monster(s)
 10934 | Lair:2   | XOM: silly message
 11000 | Lair:2   | XOM: divination: detect items
 11010 | Lair:2   | Reached skill level 5 in Armour
 11011 | Lair:2   | Noticed a five-headed hydra
 11014 | Lair:2   | XOM: summons friendly white imp
 11027 | Lair:2   | Found a burning altar of Makhleb.
 11027 | Lair:2   | XOM: 8-stop teleportation journey
 11039 | Lair:2   | XOM: confuse monster(s)
 11049 | Lair:2   | Noticed an eight-headed hydra
 11058 | Lair:2   | XOM: fake destruction
 11086 | Lair:1   | XOM: harmless Hex miscast
 11090 | Lair:1   | XOM: noise
 11128 | Lair:1   | XOM: swap monsters
 11200 | Lair:1   | XOM: 5-stop teleportation journey
 11321 | Lair:1   | XOM: divination: detect creatures
 11326 | Lair:1   | XOM: confusion (+ monsters)
 11331 | Lair:1   | XOM: summons friendly white imp
 11336 | Lair:1   | HP: 48/97 [five-headed hydra (11)]
 11336 | Lair:1   | Killed a five-headed hydra
 11543 | Lair:2   | XOM: summons friendly crimson imp
 11555 | Lair:2   | Killed a five-headed hydra
 11555 | Lair:2   | Reached skill level 13 in Unarmed Combat
 11683 | Lair:2   | Found a staircase to the Swamp.
 11691 | Lair:2   | XOM: summons friendly shadow imp
 11758 | Lair:2   | XOM: fake destruction
 11790 | Lair:2   | XOM: cast spell 'Alistair's Intoxication'
 11792 | Lair:2   | XOM: enchant monster (bad)
 11794 | Lair:2   | XOM: summons friendly crimson imp
 11799 | Lair:2   | Killed an eight-headed hydra
 11931 | Lair:2   | XOM: harmless Tloc miscast
 11968 | Lair:2   | XOM: polymorph crimson imp -> quasit
 12017 | Lair:2   | Found a staircase to the Snake Pit.
 12140 | Lair:2   | Reached XP level 12. HP: 99/106 MP: 15/15
 12160 | Lair:2   | XOM: cast spell 'Cause Fear'
 12171 | Lair:2   | XOM: destruction
 12199 | Lair:2   | Learned a level 3 spell: Tukima's Dance
 12337 | Lair:2   | XOM: cloud trail
 12520 | Lair:3   | XOM: noise
 12535 | Lair:3   | XOM: noise
 12553 | Lair:3   | XOM: cleaving
 12554 | Lair:3   | Reached skill level 5 in Evocations
 12554 | Lair:3   | XOM: enchant monster (bad)
 12614 | Lair:3   | XOM: harmless Conj miscast
 12663 | Lair:3   | XOM: give mutations
 12663 | Lair:3   | Gained mutation: Your body sometimes deteriorates upon
                  | taking damage. [Xom's mischief]
 12663 | Lair:3   | Lost mutation: You expend magic power (3 MP) to strengthen
                  | your wands. [Xom's mischief]
 12683 | Lair:3   | XOM: 1-stop teleportation journey
 12713 | Lair:3   | XOM: medium Chrm miscast
 12743 | Lair:3   | XOM: polymorph spiny frog -> spriggan
 12751 | Lair:3   | Reached skill level 5 in Hexes
 12756 | Lair:3   | XOM: scenery: 2 doors open
 12758 | Lair:3   | HP: 50/106 [komodo dragon (5)]
 12766 | Lair:3   | XOM: 3-stop teleportation journey
 12802 | Lair:3   | XOM: scenery: 2 doors open, 1 doors close
 12814 | Lair:3   | XOM: confuse monster(s)
 12819 | Lair:3   | HP: 53/106 [elephant (8)]
 12821 | Lair:3   | XOM: noise
 12824 | Lair:3   | XOM: enchant monster (bad)
 12824 | Lair:3   | HP: 47/106 [elephant (8)]
 12832 | Lair:3   | XOM: noise
 12835 | Lair:3   | XOM: polymorph elephant -> manticore
 12836 | Lair:3   | XOM: divination: detect items
 12837 | Lair:3   | HP: 48/106 [manticore (2)]
 12870 | Lair:3   | Noticed a six-headed hydra
 12901 | Lair:3   | Killed a six-headed hydra
 13038 | Lair:3   | XOM: noise
 13046 | Lair:3   | XOM: give mutations
 13046 | Lair:3   | Gained mutation: Your body often deteriorates upon taking
                  | damage. [Xom's mischief]
 13046 | Lair:3   | Gained mutation: You are dopey. (Int -2) [Xom's mischief]
 13121 | Lair:3   | Noticed a death yak
 13122 | Lair:3   | Noticed an eight-headed hydra
 13122 | Lair:3   | Noticed a death yak
 13122 | Lair:3   | Noticed a death yak
 13138 | Lair:3   | XOM: summons 2 friendly demons
 13140 | Lair:3   | XOM: potion effect (agility)
 13149 | Lair:3   | XOM: divination: magic mapping
 13159 | Lair:3   | Killed a death yak
 13170 | Lair:3   | XOM: fog
 13176 | Lair:3   | Killed a death yak
 13176 | Lair:3   | Reached skill level 14 in Unarmed Combat
 13182 | Lair:3   | XOM: cleaving
 13184 | Lair:3   | XOM: divine lightning
 13187 | Lair:3   | Killed a death yak
 13187 | Lair:3   | Reached skill level 1 in Spellcasting
 13235 | Lair:3   | XOM: scenery: 3 doors open
 13240 | Lair:3   | XOM: harmless Fire miscast
 13253 | Lair:3   | Killed an eight-headed hydra
 13372 | Lair:3   | XOM: give mutations
 13372 | Lair:3   | Gained mutation: Your spells are a little harder to cast,
                  | but a little more powerful. [Xom's grace]
 13372 | Lair:3   | Gained mutation: You have razor-sharp toenails. [Xom's
                  | grace]
 13372 | Lair:3   | Gained mutation: You passively map a small area around you.
                  | [Xom's grace]
 13820 | Lair:4   | Noticed an eight-headed hydra
 13837 | Lair:4   | XOM: enchant monster (good)
 13840 | Lair:4   | Killed an eight-headed hydra
 13938 | Lair:4   | Noticed Kirke
 13938 | Lair:4   | XOM: divination: magic mapping
 13939 | Lair:4   | XOM: silly message
 13960 | Lair:4   | XOM: harmless Summ miscast
 13962 | Lair:4   | Killed Kirke
 13962 | Lair:4   | Reached skill level 10 in Dodging
 14074 | Lair:4   | XOM: potion effect (brilliance)
 14078 | Lair:4   | XOM: divination: magic mapping
 14081 | Lair:4   | XOM: potion effect (agility)
 14084 | Lair:4   | XOM: noise
 14097 | Lair:4   | XOM: confusion
 14098 | Lair:4   | XOM: harmless Fire miscast
 14100 | Lair:4   | XOM: 2-stop teleportation journey
 14101 | Lair:4   | XOM: give mutations
 14101 | Lair:4   | Lost mutation: You occasionally shout uncontrollably at
                  | your foes. [Xom's mischief]
 14101 | Lair:4   | Lost mutation: You are dopey. (Int -2) [Xom's mischief]
 14101 | Lair:4   | Gained mutation: You are agile. (Dex +2) [Xom's mischief]
 14101 | Lair:4   | Lost mutation: You have razor-sharp toenails. [Xom's
                  | mischief]
 14114 | Lair:4   | Reached XP level 13. HP: 106/114 MP: 17/17
 14115 | Lair:4   | HP: 55/114 [xom (52)]
 14115 | Lair:4   | XOM: torment (55/114 hp)
 14117 | Lair:4   | XOM: stat loss: -1 Str (13/14)
 14319 | Lair:4   | Got a twisted ring mail
 14320 | Lair:4   | Identified the +3 ring mail of Binnux {rN+ MR+} (You found
                  | it on level 4 of the Lair of Beasts)
 14328 | Lair:4   | Learned a level 5 spell: Blade Hands
 14397 | Lair:4   | XOM: potion effect (brilliance)
 14620 | Lair:4   | XOM: noise
 14640 | Lair:4   | Reached skill level 1 in Transmutations
 14654 | Lair:4   | XOM: blink monster(s)
 14748 | Lair:4   | XOM: swap monsters
 14866 | Lair:4   | Got a crystal morningstar
 14946 | Lair:4   | Identified the +5 morningstar "Impslayer" {crush, rF+
                  | Int+5} (You found it on level 4 of the Lair of Beasts)
 15013 | Lair:4   | XOM: summons 3 hostile shadow creatures
 15245 | D:7      | XOM: give mutations
 15245 | D:7      | Gained mutation: You expend magic power (3 MP) to
                  | strengthen your wands. [Xom's mischief]
 15245 | D:7      | Lost mutation: You passively map a small area around you.
                  | [Xom's mischief]
 15245 | D:7      | Lost mutation: You are agile. (Dex +2) [Xom's mischief]
 15245 | D:7      | Lost mutation: Your spells are a little harder to cast, but
                  | a little more powerful. [Xom's mischief]
 15264 | D:6      | Bought a scroll of summoning for 114 gold pieces
 15264 | D:6      | Bought a scroll of teleportation for 36 gold pieces
 15307 | D:6      | Bought a potion of heal wounds for 135 gold pieces
 15307 | D:6      | Bought a golden potion for 24 gold pieces
 15318 | D:6      | Bought a bubbling red potion for 20 gold pieces
 15372 | Lair:1   | XOM: give mutations
 15372 | Lair:1   | Gained mutation: You are resistant to hostile enchantments.
                  | (MR+) [Xom's grace]
 15372 | Lair:1   | Gained mutation: You are highly resistant to hostile
                  | enchantments. (MR++) [Xom's grace]
 15372 | Lair:1   | Gained mutation: You are partially covered in icy blue
                  | scales. (AC +2) [Xom's grace]
 15463 | Lair:5   | XOM: medium Conj miscast
 15622 | Lair:5   | XOM: polymorph spiny frog -> queen bee
 15623 | Lair:5   | XOM: enchant monster (bad)
 15629 | Lair:5   | XOM: divination: detect items
 15633 | Lair:5   | XOM: enchant monster (good)
 15681 | Lair:5   | Found a viscous altar of Jiyva.
 15681 | Lair:5   | Found a staircase to the Slime Pits.
 15889 | Lair:5   | XOM: potion effect (haste)
 16250 | Lair:6   | Entered Level 6 of the Lair of Beasts
 16306 | Lair:6   | XOM: divination: detect creatures
 16349 | Lair:6   | XOM: polymorph blink frog -> golden eye
 16428 | Lair:6   | Reached skill level 5 in Transmutations
 16462 | Lair:6   | XOM: confuse monster(s)
 16468 | Lair:6   | XOM: cast spell 'Summon Ice Beast'
 16567 | Lair:6   | XOM: swap monsters
 16589 | Lair:6   | XOM: confusion
 16593 | Lair:6   | XOM: destruction
 16601 | Lair:6   | HP: 52/114 [eight-headed hydra (7)]
 16624 | Lair:6   | XOM: god gift: potion of heal wounds
 16646 | Lair:6   | XOM: 2-stop teleportation journey
 16754 | Lair:6   | XOM: noise
 16829 | Lair:6   | XOM: summons 3 friendly demons
 16837 | Lair:6   | XOM: god gift: 18 arrows
 16867 | Lair:6   | XOM: confuse monster(s)
 16912 | Lair:6   | XOM: polymorph black mamba -> tarantella
 17069 | Lair:6   | XOM: enchant monster (good)
 17070 | Lair:6   | XOM: scenery: create altars
 17078 | Lair:6   | XOM: scenery: create altars
 17081 | Lair:6   | XOM: summons 2 friendly demons
 17086 | Lair:6   | XOM: scenery: create altars
 17095 | Lair:6   | XOM: scenery: create altars
 17186 | Lair:6   | XOM: cloud trail
 17247 | Lair:6   | XOM: divination: magic mapping
 17248 | Lair:6   | XOM: polymorph spiny frog -> polar bear
 17253 | Lair:6   | XOM: confusion (+ monsters)
 17311 | Lair:6   | XOM: blink monster(s)
 17353 | Lair:6   | XOM: harmless Chrm miscast
 17430 | Lair:6   | XOM: summons 2 hostile demons
 17440 | Lair:6   | Learned a level 2 spell: Sticks to Snakes
 17564 | Lair:6   | Noticed a fire dragon
 17565 | Lair:6   | Found a large runed translucent door.
 17565 | Lair:6   | Found a large runed translucent door.
 17662 | Lair:6   | XOM: summons friendly white imp
 17666 | Lair:6   | XOM: scenery: create altars
 17696 | Lair:6   | HP: 56/114 [steam dragon/ball of steam (19)]
 17702 | Lair:6   | HP: 50/114 [steam dragon] (7)]
 17734 | Lair:6   | XOM: medium Ice miscast
 17734 | Lair:6   | HP: 53/114 [something (10)]
 17874 | Lair:6   | XOM: chaos cloud
 17877 | Lair:6   | Paralysed by you for 4 turns
 17887 | Lair:6   | XOM: summons 1 hostile demon
 17922 | Lair:6   | XOM: summons 6 hostile demons
 17954 | Lair:6   | XOM: medium Necr miscast
 18060 | Lair:6   | XOM: swap monsters
 18101 | Lair:6   | Killed a fire dragon
 18328 | D:9      | XOM: harmless Chrm miscast
 18371 | D:6      | Bought a jewelled iron wand for 108 gold pieces
 18414 | D:6      | Bought a scroll of fog for 24 gold pieces
 18451 | D:6      | Bought a wand of disintegration (13) for 92 gold pieces
 18553 | D:9      | XOM: noise
 18662 | D:9      | XOM: medium Conj miscast
 18830 | D:10     | Noticed Harold
 18836 | D:10     | XOM: 1-stop teleportation journey
 18869 | D:10     | Noticed Grum
 18874 | D:10     | Killed Grum
 18994 | D:10     | XOM: mild Chrm miscast
 19101 | D:10     | XOM: summons 3 hostile demons
 19104 | D:10     | XOM: mild Fire miscast
 19205 | D:10     | XOM: medium Tmut miscast
 19469 | D:10     | XOM: enchant monster (good)
 19491 | D:10     | Noticed Erica
 19497 | D:10     | Killed Harold
 19497 | D:10     | Reached XP level 14. HP: 117/122 MP: 13/20
 19499 | D:10     | XOM: summons 7 hostile demons
 19504 | D:10     | Killed Erica
 19504 | D:10     | Reached skill level 15 in Unarmed Combat
 19507 | D:10     | XOM: god gift: scorched ring mail {god gift}
 19525 | D:10     | Got a scorched ring mail {god gift}
 19526 | D:10     | Identified the +1 ring mail of Whack-A-Mole {rC+ rN+ MR+
                  | Int+3} (Xom gifted it to you on level 10 of the Dungeon)
 19571 | D:10     | Found a staircase to the Orcish Mines.
 19816 | Orc:1    | Entered Level 1 of the Orcish Mines
 19829 | Orc:1    | XOM: summons friendly crimson imp
 19872 | Orc:1    | XOM: scenery: create altars
 19882 | Orc:1    | XOM: enchant monster (good)
 19882 | Orc:1    | HP: 52/123 [orc warrior/+0 mace (18)]
 20048 | D:10     | XOM: divination: magic mapping
 20050 | D:10     | XOM: scenery: 1 doors open, 2 doors close
 20063 | Orc:1    | XOM: polymorph orc warrior -> killer bee
 20075 | Orc:1    | XOM: cast spell 'Leda's Liquefaction'
 20245 | Orc:1    | Found a roughly hewn altar of Beogh.
 20288 | Orc:1    | XOM: give mutation
 20288 | Orc:1    | Gained mutation: You have sharp fingernails. [Xom's grace]
 20364 | Orc:1    | Found a frozen archway.
 20372 | Orc:1    | XOM: destruction
 20373 | Orc:1    | XOM: enchant monster (good)
 20379 | Orc:1    | XOM: confuse monster(s)
 20388 | Orc:1    | Noticed a stone giant
 20394 | Orc:1    | HP: 54/123 [stone giant (24)]
 20395 | Orc:1    | Killed a stone giant
 20537 | IceCv    | Entered an ice cave
 20579 | IceCv    | XOM: summons friendly shadow imp
 20645 | IceCv    | XOM: silly message
 20904 | IceCv    | XOM: god gift: scroll of teleportation
 20905 | IceCv    | XOM: fog
 20991 | IceCv    | Reached skill level 5 in Spellcasting
 21096 | IceCv    | XOM: 4-stop teleportation journey
 21382 | IceCv    | XOM: divination: detect items
 21393 | IceCv    | Reached skill level 10 in Fighting
 21451 | IceCv    | Noticed a frost giant
 21451 | IceCv    | XOM: confuse monster(s)
 21483 | IceCv    | Killed a frost giant
 21510 | IceCv    | Got a bloodstained great sword
 21514 | IceCv    | Got a vibrating ivory ring
 21641 | IceCv    | XOM: scenery: create altars
 21666 | Orc:1    | Identified the cursed +2 great sword of Goryemol {slice,
                  | *Contam +Inv rC- Int+6} (You found it in an ice cave)
 21668 | Orc:1    | Identified the ring of Leafaalo {rC+ Int+4} (You found it
                  | in an ice cave)
 21965 | Orc:1    | XOM: 9-stop teleportation journey
 22081 | Orc:2    | XOM: stealth player
 22081 | Orc:2    | Entered Level 2 of the Orcish Mines
 22092 | Orc:2    | Found a runed translucent gate.
 22093 | Orc:2    | Found a runed translucent gate.
 22110 | Orc:2    | Reached skill level 10 in Transmutations
 22154 | Orc:2    | XOM: 1-stop teleportation journey
 22155 | Orc:2    | Noticed Curus's ghost (journeyman MiBe)
 22155 | Orc:2    | Noticed Snorg
 22167 | Orc:2    | Killed Snorg
 22200 | Orc:2    | XOM: 1-stop teleportation journey
 22237 | Orc:2    | Found Asuubu's Food Emporium.
 22246 | Orc:2    | HP: 46/124 [orc warrior/+0 war axe (17)]
 22251 | Orc:2    | XOM: harmless Summ miscast
 22263 | Orc:2    | HP: 37/124 [orc/+0 hand axe (3)]
 22340 | Orc:2    | Found a staircase to the Elven Halls.
 22340 | Orc:2    | Found Etum's Weapon Shoppe.
 22340 | Orc:2    | XOM: 1-stop teleportation journey
 22586 | Orc:2    | Found a runed translucent gate.
 22601 | Orc:2    | XOM: cloud trail
 22787 | Orc:2    | Found Efitiy's Magic Scroll Shoppe.
 22801 | Orc:2    | HP: 59/124 [chaos spawn (6)]
 23049 | Orc:2    | Bought a scroll of teleportation for 36 gold pieces
 23049 | Orc:2    | Bought a scroll of blinking for 90 gold pieces
 23049 | Orc:2    | Bought a scroll of fear for 42 gold pieces
 23049 | Orc:2    | Bought 2 scrolls of teleportation for 72 gold pieces
 23049 | Orc:2    | Bought a scroll of magic mapping for 42 gold pieces
 23229 | Orc:2    | XOM: cloud trail
 23245 | Orc:2    | Reached skill level 16 in Unarmed Combat
 23282 | Orc:2    | XOM: summons friendly quasit
 23420 | Orc:2    | XOM: 3-stop teleportation journey
 23465 | Orc:2    | XOM: god gift: 21 gold pieces
 23652 | Orc:2    | XOM: god gift: knobbly garnet ring {god gift}
 23836 | Orc:2    | Found Tomocloe's Antique Weapon Shop.
 23836 | Orc:2    | Found Pulieqo's Gadget Boutique.
 23838 | Orc:2    | Found a one-way gate leading to the halls of Pandemonium.
 23960 | Orc:2    | Reached XP level 15. HP: 132/132 MP: 23/23
 23989 | Orc:2    | Killed Curus's ghost
 23989 | Orc:2    | Reached skill level 10 in Hexes
 23989 | Orc:2    | XOM: enchant monster (good)
 24167 | Orc:2    | Bought a box of beasts for 220 gold pieces
 24330 | D:6      | Bought an embroidered hat for 189 gold pieces
 24444 | D:11     | XOM: 4-stop teleportation journey
 24476 | D:11     | XOM: fog
 24920 | D:11     | XOM is BORED!
 25103 | D:11     | XOM is BORED!
 25103 | D:11     | XOM: mild Fire miscast
 25105 | D:11     | XOM: potion effect (haste)
 25114 | D:11     | XOM: smoke on damage
 25425 | D:12     | XOM: divination: detect items
 25523 | D:12     | XOM: god gift: 14 gold pieces
 25676 | D:12     | HP: 61/132 [death knight/+4 halberd (26)]
 25679 | D:12     | XOM: god gift: long sword {god gift}
 25987 | D:12     | XOM: scenery: 1 doors close
 26011 | D:12     | XOM: scenery: 1 doors open
 26055 | D:12     | XOM: scenery: 2 doors open, 1 doors close
 26227 | D:12     | XOM: silly message
 26289 | D:13     | Found a bloodstained altar of Trog.
 26356 | D:13     | Learned a level 2 spell: Swiftness
 26557 | D:13     | XOM: fog
 26562 | D:13     | XOM: summons friendly crimson imp
 26699 | D:13     | XOM: scenery: 2 doors open
 26727 | D:13     | HP: 54/132 [enormous slime creature (51)]
 26970 | D:13     | XOM: give mutations
 26970 | D:13     | Gained mutation: Your muscles are very strong. (Str +4)
                  | [Xom's grace]
 26970 | D:13     | Gained mutation: You are very robust. (+20% HP) [Xom's
                  | grace]
 26970 | D:13     | Gained mutation: You have a pair of small horns on your
                  | head. [Xom's grace]
 26970 | D:13     | Gained mutation: Your mind is acute. (Int +2) [Xom's grace]
 27072 | D:13     | XOM is BORED!
 27088 | D:13     | XOM: mild Conj miscast
 27091 | D:13     | XOM: scenery: create altars
 27189 | D:13     | XOM: divination: detect items
 27976 | D:14     | XOM: summons 3 friendly demons
 27980 | D:14     | Reached skill level 10 in Stealth
 28103 | D:14     | Found a sacrificial altar of Ru.
 28235 | D:14     | Reached skill level 17 in Unarmed Combat
 28303 | D:14     | XOM: cleaving
 28310 | D:14     | XOM: scenery: 6 doors close
 28320 | D:14     | XOM: scenery: 4 doors open, 2 doors close
 28327 | D:14     | Learned a level 4 spell: Cause Fear
 28458 | D:14     | Found a gate to the Vaults.
 28595 | D:14     | XOM: cloud trail
 28789 | D:15     | Entered Level 15 of the Dungeon
 28815 | D:15     | XOM: god gift: 46 gold pieces
 28840 | D:15     | XOM: 1-stop teleportation journey
 28882 | D:15     | Found a staircase to the Depths.
 28883 | D:15     | XOM: summons friendly iron imp
 28888 | D:15     | Reached XP level 16. HP: 151/153 MP: 27/27
 29085 | D:15     | XOM: divine lightning
 29132 | D:15     | XOM: confuse monster(s)
 29134 | D:15     | XOM: divine lightning
 29135 | D:15     | XOM: cast spell 'Summon Small Mammal'
 29148 | D:15     | XOM: cleaving
 29172 | D:15     | XOM: summons 3 friendly demons
 29179 | D:15     | XOM: noise
 29184 | D:15     | Reached skill level 18 in Unarmed Combat
 29232 | D:15     | Got a crude trident
 29233 | D:15     | Identified the +9 trident "Maynelog" {vamp, rElec rF+ rC+
                  | Dex+2} (You found it on level 15 of the Dungeon)
 29267 | D:15     | XOM: summons friendly ufetubus
 29274 | D:15     | XOM: summons 12 friendly demons
 29364 | D:15     | Reached skill level 1 in Charms
 29364 | D:15     | Reached skill level 1 in Air Magic
 29492 | D:15     | XOM: give mutations
 29492 | D:15     | Lost mutation: Your mind is acute. (Int +2) [Xom's
                  | mischief]
 29492 | D:15     | Lost mutation: You have a pair of small horns on your head.
                  | [Xom's mischief]
 29492 | D:15     | Lost mutation: Your body often deteriorates upon taking
                  | damage. [Xom's mischief]
 29492 | D:15     | Lost mutation: You have sharp fingernails. [Xom's mischief]
 29571 | D:15     | XOM: medium Air miscast
 29770 | D:15     | XOM is BORED!
 29770 | D:15     | XOM: medium Tloc miscast
 29854 | D:15     | Found a shattered altar of Ashenzari.
 30112 | Swamp:1  | Entered Level 1 of the Swamp
 30117 | Swamp:1  | XOM: swap monsters
 30118 | Swamp:1  | Noticed a thorn hunter
 30126 | Swamp:1  | XOM: potion effect (brilliance)
 30129 | Swamp:1  | XOM: mild Tmut miscast
 30135 | Swamp:1  | Killed a thorn hunter
 30675 | Swamp:1  | Got a steaming spear
 30774 | Swamp:1  | XOM: mild Tloc miscast
 30783 | Swamp:1  | HP: 77/156 [alligator (6)]
 30786 | Swamp:1  | XOM: smoke on damage
 30788 | Swamp:1  | HP: 67/156 [alligator (2)]
 30944 | Swamp:1  | XOM: harmless Conj miscast
 30946 | Swamp:1  | XOM: 4-stop teleportation journey
 31294 | Swamp:2  | Noticed Roxanne
 31306 | Swamp:2  | Killed Roxanne
 31380 | Swamp:2  | Learned a level 6 spell: Statue Form
 31507 | Swamp:2  | XOM: mild Conj miscast
 31618 | Swamp:2  | XOM: silly message
 31629 | Swamp:2  | Noticed a thorn hunter
 31647 | Swamp:2  | Killed a thorn hunter
 31670 | Swamp:2  | XOM: cast spell 'Summon Butterflies'
 31674 | Swamp:1  | XOM: enchant monster (good)
 31826 | Swamp:2  | HP: 73/156 [spriggan rider/stone (12)]
 31831 | Swamp:2  | HP: 56/156 [spriggan rider/+0 spear (15)]
 31844 | Swamp:2  | Identified the cursed +1 spear "Tudir" {pierce, rC+} (You
                  | found it on level 1 of the Swamp)
 31936 | Swamp:2  | XOM: harmless Hex miscast
 32202 | Swamp:2  | XOM: confuse monster(s)
 32207 | Swamp:2  | XOM: summons friendly ufetubus
 32208 | Swamp:2  | Reached skill level 1 in Shields
 32209 | Swamp:2  | XOM: harmless Necr miscast
 32305 | Swamp:2  | HP: 76/156 [spriggan rider/+0 spear (15)]
 32481 | Swamp:2  | HP: 74/156 [tyrant leech (22)]
 32659 | Swamp:2  | XOM: destruction
 32663 | Swamp:2  | HP: 76/156 [bog body (11)]
 32935 | Swamp:2  | XOM: scenery: 1 doors open
 33085 | Swamp:3  | XOM: polymorph shambling mangrove -> shambling mangrove
 33088 | Swamp:3  | Reached XP level 17. HP: 155/163 MP: 22/28
 33123 | Swamp:3  | XOM: polymorph six-headed hydra -> queen ant
 33316 | Swamp:3  | XOM: confuse monster(s)
 33469 | Swamp:3  | XOM: divination: detect creatures
 33765 | Swamp:3  | XOM: give mutation
 33765 | Swamp:3  | Gained mutation: You are extremely robust. (+30% HP) [Xom's
                  | grace]
 33830 | Swamp:3  | XOM: 3-stop teleportation journey
 33882 | Swamp:3  | XOM: polymorph swamp dragon -> moth of wrath
 33886 | Swamp:3  | XOM: medium Fire miscast
 33908 | Swamp:3  | XOM: summons friendly iron imp
 33922 | Swamp:3  | Got a scintillating marble ring
 33923 | Swamp:3  | Identified the cursed ring "Zinauske" {-Tele rC+ Str+6
                  | Dex-4} (You found it on level 3 of the Swamp)
 34301 | Swamp:4  | Entered Level 4 of the Swamp
 34350 | Swamp:4  | Reached skill level 1 in Earth Magic
 34397 | Swamp:4  | XOM is BORED!
 34397 | Swamp:4  | XOM: noise
 34601 | Swamp:4  | HP: 80/176 [bog body (12)]
 35084 | Swamp:4  | XOM: potion effect (agility)
 35108 | Swamp:4  | Reached skill level 5 in Earth Magic
 35132 | Swamp:4  | XOM: harmless Ice miscast
 35133 | Swamp:4  | HP: 85/176 [swamp drake (8)]
 35141 | Swamp:4  | HP: 85/176 [poisoned by a swamp dragon (blast of poison)]
 35148 | Swamp:4  | HP: 86/176 [poisoned by a swamp dragon (blast of poison)]
 35363 | Swamp:4  | XOM: potion effect (heal wounds)
 35372 | Swamp:4  | XOM: summons friendly shadow imp
 35420 | Swamp:4  | XOM: summons 5 hostile demons
 35424 | Swamp:4  | XOM: god gift: potion of flight
 35437 | Swamp:4  | XOM: polymorph seven-headed hydra -> spark wasp
 35439 | Swamp:4  | HP: 81/176 [shambling mangrove (10)]
 35441 | Swamp:4  | HP: 38/176 [six-headed hydra (10)]
 35452 | Swamp:4  | Got a decaying rune of Zot
 35504 | Swamp:4  | XOM: mild Conj miscast
 35504 | Swamp:4  | HP: 55/176 [something (10)]
 35531 | Swamp:4  | XOM: medium Tloc miscast
 35531 | Swamp:4  | HP: 47/176 [something (24)]
 35690 | Swamp:4  | XOM: scenery: create altars
 35797 | Swamp:4  | XOM: summons 2 friendly demons
 36032 | Swamp:4  | XOM: fog
 36120 | Swamp:4  | XOM: harmless Necr miscast
 36234 | Swamp:4  | XOM: mild Hex miscast
 36454 | Snake:1  | Entered Level 1 of the Snake Pit
 36532 | Snake:1  | XOM: polymorph mana viper -> sea snake
 36549 | Snake:1  | Identified the Compendium of Shape Shifting and Flight
 36704 | Snake:1  | XOM: noise
 36898 | Snake:1  | Found Megecocyth's Weapon Emporium.
 37080 | Snake:1  | XOM: give mutation
 37080 | Snake:1  | Lost mutation: You are highly resistant to hostile
                  | enchantments. (MR++) [Xom's mischief]
 37238 | Snake:1  | Noticed Nikola
 37246 | Snake:1  | XOM: enchant monster (bad)
 37251 | Snake:1  | Killed Nikola
 37703 | Snake:2  | Reached skill level 10 in Earth Magic
 37714 | Snake:2  | Reached XP level 18. HP: 186/186 MP: 29/29
 38260 | Snake:2  | Reached XP level 19. HP: 194/194 MP: 30/30
 38396 | Snake:2  | XOM: harmless Necr miscast
 38397 | Snake:2  | Reached skill level 19 in Unarmed Combat
 38402 | Snake:2  | XOM: medium Fire miscast
 38453 | Snake:2  | HP: 94/194 [xom (75)]
 38453 | Snake:2  | XOM: torment (94/194 hp)
 38728 | Snake:2  | HP: 97/195 [poisoned by a nagaraja (poison arrow)]
 38733 | Snake:2  | HP: 86/195 [poisoned by a nagaraja (poison arrow)]
 38738 | Snake:2  | HP: 81/195 [poisoned by a nagaraja (poison arrow)]
 38740 | Snake:2  | XOM: chaos cloud
 38742 | Snake:2  | Paralysed by you for 5 turns
 38743 | Snake:2  | HP: 76/195 [poisoned by a naga (splash of poison)]
 38744 | Snake:2  | XOM: medium Necr miscast
 38748 | Snake:2  | HP: 52/195 [poisoned by a naga warrior (splash of poison)]
 38753 | Snake:2  | HP: 47/195 [poisoned by a naga warrior (splash of poison)]
 38758 | Snake:2  | HP: 43/195 [poisoned by a naga (splash of poison)]
 38763 | Snake:2  | HP: 40/195 [poisoned by a naga (splash of poison)]
 38768 | Snake:2  | HP: 38/195 [poisoned by a naga (splash of poison)]
 38774 | Snake:1  | HP: 37/195 [poisoned by a naga (splash of poison)]
 38780 | Snake:1  | HP: 36/195 [poisoned by a naga (splash of poison)]
 38786 | Snake:1  | HP: 37/195 [poisoned by a naga (splash of poison)]
 38792 | Snake:1  | HP: 39/195 [poisoned by a naga (splash of poison)]
 38800 | Snake:1  | HP: 42/195 [poisoned by a naga (splash of poison)]
 38998 | Snake:1  | XOM: medium Air miscast
 39163 | Snake:2  | Learned a level 5 spell: Borgnjor's Vile Clutch
 39543 | Snake:2  | XOM: mild Tmut miscast
 39661 | Snake:3  | Reached skill level 1 in Necromancy
 39702 | Snake:3  | XOM: harmless Hex miscast
 39905 | Snake:3  | XOM: give mutation
 39905 | Snake:3  | Lost mutation: Your muscles are very strong. (Str +4)
                  | [Xom's mischief]
 40033 | Snake:3  | Noticed Vashnia
 40047 | Snake:3  | HP: 89/195 [Vashnia/bolt (23)]
 40052 | Snake:3  | HP: 89/195 [poisoned by a naga ritualist (toxic radiance)]
 40058 | Snake:3  | HP: 74/195 [poisoned by a naga ritualist (toxic radiance)]
 40066 | Snake:3  | HP: 77/195 [poisoned by a naga ritualist (toxic radiance)]
 40120 | Snake:3  | XOM: give mutations
 40120 | Snake:3  | Lost mutation: You are extremely robust. (+30% HP) [Xom's
                  | mischief]
 40120 | Snake:3  | Lost mutation: Your body sometimes deteriorates upon taking
                  | damage. [Xom's mischief]
 40120 | Snake:3  | Gained mutation: You are clumsy. (Dex -2) [Xom's mischief]
 40268 | Snake:3  | XOM: draining
 40275 | Snake:3  | XOM: 1-stop teleportation journey
 40463 | Snake:3  | Noticed Agnes
 40464 | Snake:3  | XOM: enchant monster (good)
 40471 | Snake:3  | XOM: smoke on damage
 40477 | Snake:3  | Killed Agnes
 40483 | Snake:3  | Reached skill level 5 in Necromancy
 41002 | Snake:3  | Killed Vashnia
 41005 | Snake:3  | HP: 113/234 [naga sharpshooter/bolt[Vashnia] (7)]
 41244 | Snake:3  | XOM: polymorph naga sharpshooter -> floating eye
 41365 | Snake:3  | XOM: noise
 41382 | Snake:4  | Entered Level 4 of the Snake Pit
 41497 | Snake:4  | XOM: divination: detect items
 41503 | Snake:4  | HP: 106/234 [naga sharpshooter/bolt (21)]
 41696 | Snake:4  | XOM: 1-stop teleportation journey
 41704 | Snake:4  | XOM: divination: magic mapping
 41705 | Snake:4  | HP: 74/180 [guardian serpent/bolt of poison (33)]
 41710 | Snake:4  | HP: 72/180 [poisoned by a naga mage (bolt of poison)]
 41716 | Snake:4  | HP: 70/180 [poisoned by a naga mage (bolt of poison)]
 41723 | Snake:4  | HP: 71/180 [poisoned by a naga mage (bolt of poison)]
 41730 | Snake:4  | HP: 73/180 [poisoned by a naga mage (bolt of poison)]
 41738 | Snake:4  | HP: 76/180 [poisoned by a naga mage (bolt of poison)]
 41994 | Snake:4  | Got a brightly glowing hand axe
 42081 | Snake:4  | XOM: harmless Chrm miscast
 42169 | Snake:4  | XOM: divination: detect creatures
 42171 | Snake:4  | HP: 85/182 [naga mage/orb of energy (16)]
 42176 | Snake:4  | HP: 80/182 [poisoned by a naga mage (splash of poison)]
 42181 | Snake:4  | HP: 79/182 [poisoned by a naga mage (splash of poison)]
 42187 | Snake:4  | HP: 56/182 [poisoned by a naga mage (splash of poison)]
 42191 | Snake:4  | XOM: destruction
 42193 | Snake:4  | HP: 57/182 [poisoned by a naga mage (splash of poison)]
 42195 | Snake:4  | XOM: potion effect (brilliance)
 42199 | Snake:4  | HP: 58/182 [poisoned by a naga mage (splash of poison)]
 42204 | Snake:4  | XOM: potion effect (agility)
 42207 | Snake:4  | HP: 61/182 [poisoned by a naga mage (splash of poison)]
 42212 | Snake:4  | XOM: harmless Summ miscast
 42567 | Snake:4  | XOM: divination: detect items
 42575 | Snake:4  | XOM: potion effect (invisibility)
 42576 | Snake:4  | XOM: harmless Erth miscast
 42577 | Snake:4  | HP: 68/182 [nagaraja/poison arrow (58)]
 42582 | Snake:4  | HP: 56/182 [poisoned by a nagaraja (poison arrow)]
 42587 | Snake:4  | HP: 50/182 [poisoned by a nagaraja (poison arrow)]
 42592 | Snake:4  | HP: 40/182 [poisoned by a nagaraja (splash of poison)]
 42593 | Snake:4  | XOM: potion effect (haste)
 42597 | Snake:4  | HP: 31/182 [poisoned by a naga ritualist (splash of
                  | poison)]
 42602 | Snake:4  | HP: 27/182 [poisoned by a naga ritualist (splash of
                  | poison)]
 42607 | Snake:4  | HP: 25/182 [poisoned by a naga ritualist (splash of
                  | poison)]
 42612 | Snake:3  | HP: 23/182 [poisoned by a naga ritualist (splash of
                  | poison)]
 42618 | Snake:3  | HP: 23/182 [poisoned by a naga ritualist (splash of
                  | poison)]
 42623 | Snake:3  | HP: 23/182 [poisoned by a naga ritualist (splash of
                  | poison)]
 42629 | Snake:3  | HP: 23/182 [poisoned by a naga ritualist (splash of
                  | poison)]
 42637 | Snake:3  | HP: 25/182 [poisoned by a naga ritualist (splash of
                  | poison)]
 42643 | Snake:3  | HP: 26/182 [poisoned by a naga ritualist (splash of
                  | poison)]
 42643 | Snake:3  | XOM: cloud trail
 42649 | Snake:3  | HP: 27/182 [poisoned by a naga ritualist (splash of
                  | poison)]
 42654 | Snake:3  | HP: 29/182 [poisoned by a naga ritualist (splash of
                  | poison)]
 42915 | Snake:4  | XOM: harmless Tmut miscast
 42919 | Snake:4  | XOM: mild Fire miscast
 43011 | Snake:4  | XOM: enchant monster (good)
 43070 | Snake:4  | XOM: confuse monster(s)
 43100 | Snake:4  | XOM: summons friendly quasit
 43107 | Snake:4  | XOM: smoke on damage
 43113 | Snake:4  | HP: 90/182 [anaconda (4)]
 43116 | Snake:4  | XOM: cast spell 'Metabolic Englaciation'
 43118 | Snake:4  | HP: 85/182 [poisoned by a nagaraja (splash of poison)]
 43123 | Snake:4  | HP: 83/182 [poisoned by a nagaraja (splash of poison)]
 43123 | Snake:4  | XOM: polymorph nagaraja -> minotaur
 43128 | Snake:4  | HP: 80/182 [poisoned by a nagaraja (splash of poison)]
 43133 | Snake:4  | HP: 79/182 [poisoned by a nagaraja (splash of poison)]
 43139 | Snake:4  | HP: 79/182 [poisoned by a nagaraja (splash of poison)]
 43144 | Snake:4  | HP: 79/182 [poisoned by a nagaraja (splash of poison)]
 43149 | Snake:3  | HP: 47/182 [minotaur's headbutt (9)]
 43155 | Snake:3  | HP: 25/182 [poisoned by a naga warrior (splash of poison)]
 43163 | Snake:3  | HP: 27/182 [poisoned by a naga warrior (splash of poison)]
 43171 | Snake:3  | HP: 30/182 [poisoned by a naga warrior (splash of poison)]
 43439 | Snake:4  | XOM: fog
 43489 | Snake:4  | XOM: divination: magic mapping
 43500 | Snake:4  | XOM: swap monsters
 43656 | Snake:4  | Reached XP level 20. HP: 185/190 MP: 32/32
 43716 | Snake:4  | Got a serpentine rune of Zot
 43768 | Snake:4  | XOM: give mutations
 43768 | Snake:4  | Lost mutation: You are partially covered in rugged brown
                  | scales. (AC +1, +3% HP) [Xom's mischief]
 43768 | Snake:4  | Lost mutation: You are resistant to hostile enchantments.
                  | (MR+) [Xom's mischief]
 43768 | Snake:4  | Gained mutation: Your body sometimes deteriorates upon
                  | taking damage. [Xom's mischief]
 43768 | Snake:4  | Lost mutation: Your body sometimes deteriorates upon taking
                  | damage. [Xom's mischief]
 43872 | Snake:4  | XOM: enchant monster (good)
 43873 | Snake:4  | Reached skill level 20 in Unarmed Combat
 44371 | Vaults:1 | XOM: stealth player
 44371 | Vaults:1 | Entered Level 1 of the Vaults
 44400 | Vaults:1 | XOM: chaos cloud
 44402 | Vaults:1 | XOM: summons 4 friendly demons
 44410 | Vaults:1 | HP: 90/187 [yaktaur captain/bolt (19)]
 44413 | Vaults:1 | XOM: confusion
 44417 | Vaults:1 | HP: 75/187 [yaktaur captain (19)]
 44426 | Vaults:1 | HP: 60/187 [two-headed ogre/cursed -1 giant club (5)]
 44510 | D:14     | XOM: summons 10 hostile demons
 44563 | D:14     | XOM: harmless Tmut miscast
 44709 | Vaults:1 | XOM: medium Summ miscast
 44718 | Vaults:1 | HP: 110/243 [two-headed ogre/cursed +0 dire flail (16)]
 44728 | D:14     | XOM: severe Air miscast
 44935 | D:14     | Learned a level 5 spell: Irradiate
 45046 | Vaults:1 | Reached skill level 1 in Conjurations
 45082 | Vaults:1 | XOM: mild Erth miscast
 45113 | Vaults:1 | XOM: confusion
 45167 | Vaults:1 | XOM: give mutations
 45167 | Vaults:1 | Gained mutation: Armour fits poorly on your strangely
                  | shaped body. [Xom's mischief]
 45167 | Vaults:1 | Gained mutation: You are very clumsy. (Dex -4) [Xom's
                  | mischief]
 45696 | Vaults:1 | XOM: noise
 45813 | Vaults:1 | XOM: harmless Summ miscast
 46162 | Vaults:1 | XOM: fog
 46166 | Vaults:1 | XOM: god gift: runed cloak {god gift}
 46411 | D:9      | XOM: harmless Summ miscast
 46485 | D:7      | XOM: medium Pois miscast
 46693 | Vaults:1 | XOM: summons 2 hostile shadow creatures
 46707 | Vaults:1 | XOM: destruction
 46977 | Vaults:2 | Found Myza's Antique Armour Shop.
 47039 | Vaults:2 | Identified 2 scrolls of acquirement
 47099 | Vaults:2 | XOM: give mutations
 47099 | Vaults:2 | Lost mutation: You have sharp toenails. [Xom's mischief]
 47099 | Vaults:2 | Lost mutation: You are partially covered in icy blue
                  | scales. (AC +2) [Xom's mischief]
 47099 | Vaults:2 | Lost mutation: You are very clumsy. (Dex -4) [Xom's
                  | mischief]
 47227 | Vaults:2 | XOM: confuse monster(s)
 47284 | Vaults:2 | Found a magical portal.
 47293 | WizLab   | Entered Cigotuvi's Fleshworks
 47674 | WizLab   | XOM: swap monsters
 47713 | WizLab   | Paralysed by a floating eye for 2 turns
 47716 | WizLab   | XOM: enchant monster (bad)
 47717 | WizLab   | Paralysed by a floating eye for 2 turns
 47742 | WizLab   | XOM: harmless Air miscast
 47791 | WizLab   | Got a warped bronze ring
 47792 | WizLab   | Identified the ring of Anyl {-Tele rF+ Int+4 SInv} (You
                  | found it in a wizard's laboratory)
 47826 | WizLab   | XOM: give mutations
 47826 | WizLab   | Lost mutation: You are very robust. (+20% HP) [Xom's
                  | mischief]
 47826 | WizLab   | Gained mutation: Your body sometimes deteriorates upon
                  | taking damage. [Xom's mischief]
 47967 | WizLab   | XOM: scenery: 1 doors close
 48026 | WizLab   | XOM: confuse monster(s)
 48027 | WizLab   | HP: 109/223 [Cigotuvi's Monster (25)]
 48199 | WizLab   | Identified Cigotuvi's Incunabulum of Transmutation and
                  | Necromancy
 48202 | WizLab   | Identified the Almanac of Transmigration
 48364 | Vaults:2 | XOM: scenery: 2 doors close
 48619 | Vaults:2 | XOM: potion effect (invisibility)
 48640 | Vaults:2 | XOM: chaos upgrade
 48645 | Vaults:2 | XOM: medium Hex miscast
 48646 | Vaults:2 | XOM: polymorph yaktaur captain -> quicksilver dragon
 48647 | Vaults:2 | Reached XP level 21. HP: 179/179 MP: 34/34
 48652 | Vaults:2 | XOM: swap monsters
 48703 | Vaults:2 | XOM: polymorph cyclops -> swamp worm
 48844 | Vaults:2 | XOM: give mutations
 48844 | Vaults:2 | Gained mutation: You are dopey. (Int -2) [Xom's mischief]
 48861 | Vaults:2 | XOM: divination: detect creatures
 48862 | Vaults:2 | HP: 86/179 [rakshasa (9)]
 48867 | Vaults:2 | HP: 71/179 [rakshasa/orb of energy (17)]
 49133 | Vaults:2 | Found a staircase to the Crypt.
 49393 | Vaults:2 | XOM: silly message
 49398 | Vaults:2 | XOM: cast spell 'Cause Fear'
 49400 | Vaults:2 | XOM: smoke on damage
 49413 | Vaults:2 | XOM: noise
 49427 | Vaults:2 | Reached skill level 21 in Unarmed Combat
 49427 | Vaults:2 | Reached skill level 10 in Spellcasting
 49432 | Vaults:2 | XOM: divination: detect creatures
 49567 | Vaults:2 | XOM: harmless Erth miscast
 49600 | Vaults:2 | XOM: mild Erth miscast
 49779 | Vaults:2 | XOM: harmless Pois miscast
 49802 | Vaults:2 | Identified the Handbook of Congealing Companions
 50055 | Vaults:2 | XOM: potion effect (magic)
 50061 | Vaults:2 | XOM: divination: detect items
 50224 | Vaults:2 | Identified the Grimoire of Cankerous Earth (You acquired it
                  | on level 2 of the Vaults)
 50312 | Vaults:3 | XOM: god gift: ring of stealth {god gift}
 50594 | Vaults:3 | XOM: give mutations
 50594 | Vaults:3 | Gained mutation: You passively map a small area around you.
                  | [Xom's grace]
 50594 | Vaults:3 | Gained mutation: You passively map the area around you.
                  | [Xom's grace]
 50594 | Vaults:3 | Gained mutation: You are resistant to electric shocks.
                  | (rElec) [Xom's grace]
 50744 | Vaults:3 | Noticed Margery
 50752 | Vaults:3 | XOM: enchant monster (good)
 50757 | Vaults:3 | Killed Margery
 50759 | Vaults:3 | HP: 89/180 [Margery the human simulacrum[a necromancer]
                  | (51)]
 50780 | Vaults:3 | XOM: give mutation
 50780 | Vaults:3 | Gained mutation: You are resistant to hostile enchantments.
                  | (MR+) [Xom's grace]
 51027 | Vaults:3 | XOM: mild Tloc miscast
 51047 | Vaults:3 | XOM: noise
 51122 | Vaults:3 | XOM: harmless Air miscast
 51141 | Vaults:3 | XOM: enchant monster (good)
 51143 | Vaults:3 | XOM: noise
 51148 | Vaults:3 | XOM: mild Necr miscast
 51166 | Vaults:3 | XOM: polymorph ogre mage -> slime creature
 51270 | Vaults:3 | XOM: confusion (+ monsters)
 51278 | Vaults:3 | XOM: confuse monster(s)
 51287 | Vaults:3 | XOM: enchant monster (good)
 51327 | Vaults:3 | XOM: silly message
 51390 | Vaults:3 | Found Doqer's Book Shoppe.
 51411 | Vaults:3 | Bought a book of Minor Magic for 260 gold pieces
 51411 | Vaults:3 | Bought a book of the Sky for 845 gold pieces
 51414 | Vaults:3 | Learned a level 2 spell: Blink
 51468 | Vaults:3 | XOM: cloud trail
 51638 | Vaults:1 | Learned a level 6 spell: Deflect Missiles
 52347 | D:11     | XOM: god gift: 15 gold pieces
 52551 | Snake:1  | XOM: god gift: wand of scattershot (5)
 52662 | D:11     | XOM: medium Air miscast
 52837 | Vaults:3 | Reached skill level 1 in Translocations
 53806 | Vaults:3 | XOM: medium Air miscast
 53809 | Vaults:3 | XOM: mild Fire miscast
 53941 | Vaults:3 | Identified the Reference Book on Hexes and Conjuration (You
                  | acquired it on level 3 of the Vaults)
 54167 | Vaults:4 | XOM: summons 4 hostile demons
 54226 | Vaults:4 | XOM: swap monsters
 54260 | Vaults:4 | Reached skill level 5 in Translocations
 54261 | Vaults:4 | XOM: noise
 54289 | Vaults:4 | XOM: chaos upgrade
 54298 | Vaults:4 | HP: 112/235 [sphinx (17)]
 54300 | Vaults:4 | HP: 55/181 [harpy (11)]
 54300 | Vaults:4 | HP: 27/181 [stone giant (10)]
 54300 | Vaults:4 | HP: 11/181 [death knight/+0 halberd (16)]
 54305 | Vaults:4 | HP: 32/181 [harpy (1)]
 54310 | Vaults:4 | HP: 56/235 [deep elf knight/shard of ice[an ironheart
                  | preserver] (9)]
 54316 | Vaults:4 | XOM: harmless Erth miscast
 54327 | Vaults:4 | XOM: enchant monster (bad)
 54334 | Vaults:4 | HP: 75/235 [earth elemental[an ironheart preserver] (4)]
 54337 | Vaults:4 | XOM: noise
 54342 | Vaults:4 | XOM: harmless Pois miscast
 54342 | Vaults:4 | HP: 42/235 [deep elf mage/bolt of magma[an ironheart
                  | preserver] (39)]
 54626 | Vaults:4 | Found a ruined gateway.
 54641 | Vaults:4 | XOM: enchant monster (good)
 54649 | Desolati | Entered the Desolation of Salt
 54712 | Desolati | HP: 115/235 [saltling (4)]
 54717 | Desolati | HP: 89/235 [saltling (4)]
 54763 | Desolati | HP: 72/181 [guardian serpent (2)]
 54766 | Desolati | Reached XP level 22. HP: 72/189 MP: 30/36
 54768 | Desolati | HP: 71/189 [poisoned by a guardian serpent (bolt of
                  | poison)]
 54773 | Desolati | HP: 70/189 [poisoned by a guardian serpent (bolt of
                  | poison)]
 54778 | Desolati | HP: 70/189 [poisoned by a guardian serpent (bolt of
                  | poison)]
 54784 | Desolati | HP: 71/189 [poisoned by a guardian serpent (bolt of
                  | poison)]
 54792 | Desolati | HP: 73/189 [poisoned by a guardian serpent (bolt of
                  | poison)]
 54800 | Desolati | HP: 76/189 [poisoned by a guardian serpent (bolt of
                  | poison)]
 55009 | Desolati | XOM: confuse monster(s)
 55034 | Desolati | XOM: harmless Chrm miscast
 55047 | Desolati | Reached skill level 22 in Unarmed Combat
 55109 | Desolati | Identified the Catalogue of Freezing Orientation
 55113 | Desolati | Learned a level 1 spell: Apportation
 55184 | Desolati | HP: 80/190 [crystal guardian/crystal bolt (31)]
 55185 | Desolati | HP: 22/190 [crystal guardian/crystal bolt (37)]
 55186 | Desolati | Killed from afar by a halazid warlock

Skill      XL: |  1  2  3  4  5  6  7  8  9 10 11 12 13 14 15 16 17 18 19 20 21 22 |
---------------+-------------------------------------------------------------------+-----
Fighting       | 3 4 5 6 7 8 9 10 11 12 13 14 | 14.4
Unarmed Combat | 4 6 7 8 9 11 12 13 14 16 17 18 19 20 21 22 | 22.1
Dodging        | 3 4 5 6 8 9 10 11 13 | 13.3
Stealth        | 1 5 6 8 10 | 10.0
Armour         | 1 3 4 5 6 7 |  7.5
Evocations     | 1 3 4 6 |  6.0
Hexes          | 4 6 7 9 10 | 10.0
Spellcasting   | 2 4 5 7 8 9 10 | 10.0
Transmutations | 9 10 11 12 13 | 13.5
Charms         | 4 |  4.0
Air Magic      | 3 |  3.0
Shields        | 4 |  4.0
Earth Magic    | 10 11 13 | 13.0
Necromancy     | 6 |  6.1
Conjurations   | 4 |  4.0
Translocations | 5 |  5.0

Action                   |  1- 3 |  4- 6 |  7- 9 | 10-12 | 13-15 | 16-18 | 19-21 | 22-24 || total
-------------------------+-------+-------+-------+-------+-------+-------+-------+-------++-------
Melee: Unarmed           |   114 |   168 |   501 |   885 |  1570 |   838 |  1490 |    81 ||  5647
       Bite              |     8 |    24 |    48 |   110 |   142 |    89 |   151 |    10 ||   582
       Punch             |     1 |     6 |    17 |    62 |   107 |    46 |    19 |     1 ||   259
       Headbutt          |       |       |       |       |    27 |    27 |       |       ||    54
       Kick              |       |       |       |       |       |    12 |   106 |       ||   118
 Cast: Confuse           |       |       |       |    12 |     1 |     2 |       |       ||    15
       Blade Hands       |       |       |       |       |    65 |    60 |    24 |     2 ||   151
       Statue Form       |       |       |       |       |       |     3 |    42 |     1 ||    46
       Tukima's Dance    |       |       |       |       |       |       |     1 |       ||     1
       Irradiate         |       |       |       |       |       |       |     1 |       ||     1
 Abil: End Transformatio |       |       |       |       |       |       |     1 |       ||     1
Evoke: Wand              |       |       |     1 |    22 |       |       |       |     1 ||    24
  Use: Potion            |     8 |     9 |    21 |    33 |    86 |    54 |   103 |     2 ||   316
       Scroll            |       |     5 |     6 |     7 |    11 |    10 |    12 |       ||    51
 Stab: Distracted        |       |       |     1 |     2 |     2 |     2 |     2 |     2 ||    11
       Paralysed         |       |       |    15 |     6 |     2 |     1 |     1 |       ||    25
       Sleeping          |       |       |     6 |     7 |    18 |     4 |    12 |     2 ||    49
       Confused          |       |       |       |    17 |     9 |     1 |     6 |       ||    33
       Petrifying        |       |       |       |     2 |     1 |       |     2 |       ||     5
       Petrified         |       |       |       |     1 |       |       |     1 |       ||     2
       Betrayed ally     |       |       |       |     1 |       |       |       |       ||     1
       Invisible         |       |       |       |       |     2 |       |     6 |       ||     8
  Eat: Corpse            |       |       |       |     1 |       |       |       |       ||     1
Armor: Leather armour    |    42 |    68 |    68 |       |       |       |       |       ||   178
       Scale mail        |       |       |    51 |   224 |   456 |   338 |   252 |     5 ||  1326
       Ring mail         |       |       |    48 |    45 |       |       |       |       ||    93
       Skin              |       |       |       |       |       |    17 |   468 |    13 ||   498
Dodge: Dodged            |    73 |   124 |   397 |   711 |  1274 |   532 |  1049 |    51 ||  4211
Block: Other             |       |       |       |   125 |   258 |   132 |    37 |     9 ||   561
       Buckler           |       |       |       |       |       |    42 |   837 |    36 ||   915
       Reflection        |       |       |       |       |       |       |    45 |       ||    45

Levels and vault maps discovered:
D:1:      tarquinn_simple_flora_water_a, layout_rooms
D:2:      layout_loops_ring, kiku_gazebo_pond_becter, uniq_robin, uniq_jessica
D:3:      layout_basic, first_ration
D:4:      layout_cave_pools, led_sif_pool, yredelemnul_altar_generic,
          nicolae_zen_rock_garden, uniq_grinder
D:5:      layout_basic, lemuel_crystal_altar, zin_purify, uniq_eustachio
D:6:      layout_basic, makhleb_heckhound_becter, serial_shops, shop,
          kennysheep_mini, shop, nicolae_shop_stone
D:7:      layout_loops_ring, minmay_temple_entry_butterflies, uniq_joseph
D:8:      lemuel_upstairs_altar, layout_cave_pods, lemuel_crystal_altar
D:9:      kennysheep_seaside_town, layout_cave_pools,
          gammafunk_temple_overflow_statue, david_lair_shrubbed
D:10:     minmay_imperfect_grid, layout_irregular_city,
          minmay_orc_entry_guard_dogs, uniq_harold, uniq_grum, uniq_erica
D:11:     layout_gridville
D:12:     layout_gridville
D:13:     layout_basic, basic_altar
D:14:     layout_loops_corners, skrybe_vaults_entry_preservation,
          lemuel_round_altar
D:15:     grunt_enter_depths_magical_seal, layout_basic, hangedman_decor_lopped,
          ashenzari_altar_1
Lair:1:   layout_gridlike, grunt_megastairs_1
Lair:2:   layout_cave_shapes, swamp_mist_pool, minmay_snake_entry_six_corridors,
          basic_altar, fungi_pond_lemuel, roderic_batcave
Lair:3:   layout_roguey
Lair:4:   layout_loops_ring, uniq_kirke
Lair:5:   layout_misc_corridors, slime_altar_1
Lair:6:   cheibrodos_lair_end_hotspot, layout_gridlike
Swamp:1:  layout_falls_marsh, nicolae_swamp_trees_clearing
Swamp:2:  layout_basic_swamp, evilmike_swamp_ruin_house_3, swamp_pool5,
          nicolae_swamp_alligator_family, uniq_roxanne
Swamp:3:  layout_falls_marsh, evilmike_swamp_ruin_rubble_2, swamp_pool3
Swamp:4:  swamp_basic_johnstein, layout_basic_swamp
Snake:1:  layout_rooms, serial_shops, shop, grunt_ministairs_4, uniq_nikola
Snake:2:  layout_cave_town
Snake:3:  layout_cave_town, uniq_vashnia, uniq_agnes
Snake:4:  grunt_snake_rune_serpentine_throne, layout_cave_town, abandoned_shop
Orc:1:    layout_caves, portal_ice_cave_entry_animals_and_master,
          david_defended_altar_orc
Orc:2:    pf_orc_diabolical, layout_diamond_mine,
          maelrawn_ghost_gauntlet_escape, serial_shops, nicolae_shop_trees,
          uniq_snorg
Vaults:1: nicolae_vaults_circle_grid_b, v_misc_19, hangedman_vaults_slither,
          vaults_dpeg_cross, ontoclasm_vaults_gateway, st_spiral_rooms,
          grunt_vaults_trifunnel, vaults_mumra_hexcomb,
          nicolae_vaults_mini_display_case, layout_vaults_big_room
Vaults:2: minmay_crypt_entry_simple_walls, v_misc_28, hangedman_vaults_nails,
          dpeg_vaults_monster_box, vaults_room_large_hall, vaults_dpeg_ring,
          ontoclasm_vaults_shuriken, v_misc_27, nicolae_vaults_yaktaur_gun_rack,
          ontoclasm_vaults_ligature, v_rooms_6, ontoclasm_vaults_loading_screen,
          layout_vaults_ring, mu_enter_wizlab_3, serial_shops, shop_coins
Vaults:3: hangedman_vaults_locks, nicolae_vaults_angled_halls,
          nicolae_vaults_network_square, ontoclasm_vaults_idyll,
          nicolae_vaults_murderbox, v_misc_12, v_pattern_5,
          layout_vaults_quadrants, serial_shops, shop, uniq_margery
Vaults:4: v_misc_3, nicolae_vaults_lopsided_apartments,
          vaults_dpeg_encased_lava, nicolae_vaults_specimen_jars, v_misc_26,
          nicolae_vaults_little_ls, serial_ice_b, ontoclasm_vaults_misaligned,
          ontoclasm_vaults_fault, v_alt_pattern_6, layout_vaults_maze_snakey,
          portal_desolation_entry_nicolae_nacl
IceCv:    ice_cave_caverns_02
WizLab:   wizlab_cigotuvi
Desolation
